 Dungeon Crawl Stone Soup version 0.31-a0-949-g57150269e1 (webtiles) character file.

Game seed: 8302825151274662947

145 Zonian the Conjurer (level 5, -1/28 HPs)
             Began as a Deep Elf Conjurer on Oct 22, 2023.
             Was a Believer of Vehumet.
             Slain by a sleepcap (21 damage)
             ... on level 4 of the Dungeon.
             The game lasted 00:06:05 (4415 turns).

Zonian the Conjurer (Deep Elf Conjurer)             Turns: 4415, Time: 00:06:06

Health: -1/28      AC:  3    Str:  4    XL:     5   Next: 6%
Magic:  7/13       EV:  2    Int: 25    God:    Vehumet [**....]
Gold:   271        SH:  0    Dex: 13    Spells: 8/12 levels left

rFire   + . .        r - +2 dagger (venom)
rCold   . . .        (no shield)
rNeg    . . .        a - +0 robe
rPois   +            (no helmet)
rElec   .            (no cloak)
rCorr   .            (no gloves)
SInv    .            p - +0 pair of boots
Will    .....        e - amulet "Leimyu" {Acrobat rPois}
Stlth   ++           i - ring of protection from fire
HPRegen 0.24/turn    (no ring)
MPRegen 0.13/turn

%: acrobat
@: sleeping
A: no striking features
a: Renounce Religion


You were on level 4 of the Dungeon.
You worshipped Vehumet.
Vehumet was pleased with you.
You visited 1 branch of the dungeon, and saw 4 of its levels.

You collected 271 gold pieces.

Inventory:

Hand Weapons
 c - a +0 spear
 n - a +0 dagger
 o - a +2 spectral club
 r - a +2 dagger of venom (weapon)
Missiles
 s - 6 poisoned darts
Armour
 a - a +0 robe (worn)
 d - a +1 pair of gloves
 p - a +0 pair of boots (worn)
Jewellery
 e - the amulet "Leimyu" (around neck) {Acrobat rPois}
   (You acquired it on level 3 of the Dungeon)

   [amulet of the acrobat]

   Acrobat:   It increases your evasion while moving and waiting.
   rPois:     It protects you from poison
 i - a ring of protection from fire (left hand)
 l - a ring of wizardry
Talismans
 g - a beast talisman
Wands
 j - a wand of charming (7)
Scrolls
 f - a scroll of blinking {unknown}
Potions
 b - 4 potions of magic
 h - 2 potions of curing
 k - 2 potions of might {unknown}
 m - a potion of lignification {unknown}
 q - 2 potions of heal wounds {unknown}
 t - a potion of resistance {unknown}
 u - a potion of haste {unknown}


   Skills:
 + Level 3.7 Dodging
 + Level 4.0 Stealth
 + Level 4.3 Spellcasting
 + Level 5.2 Conjurations


You had 8 spell levels left.
You knew the following spells:

 Your Spells              Type           Power      Damage    Failure   Level
a - Magic Dart            Conj           100%       1d8       1%          1
b - Shock                 Conj/Air       72%        1d7       3%          1
c - Searing Ray           Conj           62%        2d6       1%          2

Your spell library contained the following spells:

 Spells                   Type           Power      Damage    Failure   Level
 Sandblast                Erth           10%        2d5       9%          1
 Apportation              Tloc           10%        N/A       9%          1
 Necrotise                Necr           20%        1d5       9%          1
 Summon Small Mammal      Summ           20%        N/A       9%          1
 Dazzling Flash           Conj/Hex       36%        N/A       9%          3
 Ignite Poison            Fire/Tmut/Pois 5%         N/A       26%         3
 Fulminant Prism          Conj/Hex       9%         3d6       30%         4
 Iskenderun's Mystic Bla  Conj/Tloc      18%        2d6       30%         4
 Sticky Flame             Conj/Fire      18%        2d4       30%         4
 Ignition                 Fire           2%         3d3       100%        8


Dungeon Overview and Level Annotations

Branches:
Dungeon (4/15)
 Temple: D:4-7

Altars:
Vehumet


Message History

HP restored.
An endoplasm comes into view.
You see here an adder corpse.
You can't see any susceptible monsters within range! (Use Z to cast anyway.)
You can't see any susceptible monsters within range! (Use Z to cast anyway.)
You can't see any susceptible monsters within range! (Use Z to cast anyway.) Unknown command.
You can't see any susceptible monsters within range! (Use Z to cast anyway.)
You can't see any susceptible monsters within range! (Use Z to cast anyway.) Unknown command.
The magic dart hits the endoplasm.
The endoplasm is severely wounded.
The magic dart hits the endoplasm.
You kill the endoplasm!
Vehumet accepts your kill.
You feel your power returning.
Unknown command.
You hear the rusting of a very distant drain.
A sleepcap comes into view.
The magic dart hits the sleepcap.
The sleepcap is lightly damaged.
The magic dart hits the sleepcap but does no damage.
The sleepcap is lightly damaged.
The magic dart hits the sleepcap.
The sleepcap is moderately damaged.
The sleepcap barely misses you.
The magic dart hits the sleepcap.
The sleepcap is moderately damaged.
The sleepcap misses you.
The magic dart hits the sleepcap but does no damage.
The sleepcap is moderately damaged.
The sleepcap closely misses you.
The magic dart hits the sleepcap but does no damage.
The sleepcap is moderately damaged.
The sleepcap releases spores at you!
You are engulfed in a cloud of soporific spores!
You fall asleep.
The sleepcap releases spores at you!!
Ouch! That really hurt!
You die...

#.#######....#.#.
#..........#.....
#.#######....###.
#.# #.#.####. #.#
#.....##. #.#
###..<... #.#
###.##. #.###.#
##.#.#. #..f@.#
##†###..
#..###...# ##.##
##. #
#.#.#####.## ##
........)#.## ##.
##.##.......###..
.##.#.#..#.#.##
#.##......##.##
#....#.#..######
####......# ##..


You could see a sleepcap.

Vanquished Creatures
  Jessica (D:3)
  An iguana (D:4)
  4 adders
  2 worms
  2 orcs
  3 bats
  8 endoplasms
  2 giant cockroaches
  5 goblins
  4 hobgoblins
  2 quokkas
  4 ball pythons
  2 frilled lizards (D:1)
  4 kobolds
  4 rats
48 creatures vanquished.

Notes
Turn   | Place    | Note
-------+----------+-------------------------------------------
     0 | D:1      | Zonian the Deep Elf Conjurer began the quest for the Orb.
     0 | D:1      | Reached XP level 1. HP: 10/10 MP: 6/6
   661 | D:1      | Reached XP level 2. HP: 15/15 MP: 4/8
   975 | D:1      | Found a faded altar of an unknown god.
   983 | D:1      | Prayed at the altar of an unknown god.
   983 | D:1      | Became a worshipper of Vehumet
   983 | D:1      | Reached * piety under Vehumet
   983 | D:1      | Offered knowledge of Shock by Vehumet.
  1554 | D:1      | Learned a level 1 spell: Shock
  1557 | D:1      | Learned a level 2 spell: Searing Ray
  1902 | D:2      | Found the +6 lightning scales {swift, rElec}
  2417 | D:2      | Reached XP level 3. HP: 19/19 MP: 6/10
  3589 | D:3      | Identified a scroll of acquirement
  3589 | D:3      | Acquired the amulet "Leimyu" {Acrobat rPois}
  3845 | D:3      | Offered knowledge of Sandblast by Vehumet.
  3969 | D:3      | Noticed Jessica
  3973 | D:3      | Killed Jessica
  3974 | D:3      | Reached skill level 5 in Conjurations
  3974 | D:3      | Reached XP level 4. HP: 22/24 MP: 7/12
  4092 | D:4      | Reached ** piety under Vehumet
  4331 | D:4      | Reached XP level 5. HP: 24/28 MP: 7/13
  4415 | D:4      | Slain by a sleepcap

Illustrated notes

Levels and vault maps discovered:
D:1:      psy_arrival_fountain, layout_basic, serial_bayou,
          serial_bayou_shore_a, serial_bayou_pond_c, serial_bayou_pond_a,
          serial_bayou_lagoon_a, ebering_ecumenical_altar_abandoned
D:2:      layout_loops_ring
D:3:      layout_basic, uniq_jessica
D:4:      layout_loops_ring, gup_sewer_entry_spiral, serial_glass,
          glass_columns_b, glass_columns_a, glass_columns_a, glass_columns_a,
          glass_columns_a, glass_columns_a, glass_columns_a, glass_columns_a,
          glass_columns_a, glass_columns_a, glass_columns_c, glass_columns_a,
          glass_columns_b, glass_columns_a

Skill      XL: |  1  2  3  4 |
---------------+-------------+-----
Stealth        | 3 4 |  4.0
Dodging        | 3 |  3.7
Spellcasting   | 4 |  4.3
Conjurations   | 5 |  5.2

Action                     |  1- 3 |  4- 6 || total
---------------------------+-------+-------++-------
  Melee: Spear             |     2 |       ||     2
         Club              |       |     5 ||     5
         Punch             |       |     1 ||     1
   Cast: Magic Dart        |    90 |    27 ||   117
    Use: Scroll            |     7 |       ||     7
   Stab: Sleeping          |       |     1 ||     1
 Armour: Robe              |    10 |     8 ||    18
  Dodge: Dodged            |    20 |    10 ||    30

Table legend: (Time is in decaauts)
 A = Elapsed time spent in this place.
 B = Non-inter-level travel time spent in this place.
 C = Inter-level travel time spent in this place.
 D = Time resting spent in this place.
 E = Time spent auto-exploring this place.
 F = Levels seen in this place.
 G = Mean time per level.
                   A        B        C        D        E       F      G
               +--------+--------+--------+--------+--------+-----+--------+
         Total |   4443 |   4313 |    130 |   1638 |   2223 |   4 | 1110.8 |
       Dungeon |   4443 |   4313 |    130 |   1638 |   2223 |   4 | 1110.8 |
               +--------+--------+--------+--------+--------+-----+--------+

Top non-repeatable levels by time:
     D:1: 1674 daAuts
     D:2: 1493 daAuts
     D:3: 944 daAuts
     D:4: 331 daAuts
